 Dungeon Crawl Stone Soup version 0.21.1 (webtiles) character file.

79 shakethe the Chopper (level 4, -4/41 HPs)
             Began as a Minotaur Berserker on Feb 5, 2018.
             Was a Believer of Trog.
             Killed from afar by a dart slug (8 damage)
             ... with a slug dart
             ... on level 2 of the Dungeon.
             The game lasted 00:03:35 (1201 turns).

shakethe the Chopper (Minotaur Berserker)           Turns: 1201, Time: 00:03:36

Health: -4/41      AC:  3    Str: 21    XL:     4   Next: 17%
Magic:  3/3        EV: 12    Int:  4    God:    Trog [**....]
Gold:   109        SH:  0    Dex: 11    Spells: 3/3 levels left

rFire    . . .     SeeInvis .   a - +0 hand axe
rCold    . . .     Gourm    .   (no shield)
rNeg     . . .     Faith    .   l - +0 leather armour
rPois    .         Spirit   .   (helmet restricted)
rElec    .         Reflect  .   (no cloak)
rCorr    .         Harm     +   (no gloves)
MR       +....                  (no boots)
Stlth    +.........             k - amulet of harm
HPRegen  0.13/turn              e - ring of protection from magic
MPRegen  0.08/turn              (no ring)

@: berserk cooldown, slowed, very slow
A: retaliatory headbutt, horns 2
a: Berserk, Trog's Hand, Burn Spellbooks, Renounce Religion


You were on level 2 of the Dungeon.
You worshipped Trog.
Trog was pleased with you.
You were hungry.

You visited 1 branch of the dungeon, and saw 2 of its levels.

You collected 109 gold pieces.

Inventory:

Hand Weapons
 a - a +0 hand axe (weapon)
Armour
 b - a +0 animal skin
 l - a +0 leather armour (worn)
Jewellery
 e - a ring of protection from magic (left hand)
 k - an amulet of harm (around neck)
Scrolls
 f - a scroll of fear {unknown}
 h - 3 scrolls of identify {unknown}
Potions
 g - a potion of lignification {unknown}
 i - a potion of heal wounds {unknown}
 j - 2 potions of curing {unknown}
 m - a potion of flight {unknown}
Comestibles
 c - 2 rations
 d - 3 chunks of flesh


   Skills:
 + Level 4.4 Fighting
 * Level 5.2 Axes
 + Level 2.6 Armour
 + Level 2.4 Dodging
 + Level 0.1 Stealth


You had 3 spell levels left.
You didn't know any spells.

Dungeon Overview and Level Annotations

Branches:
Dungeon (2/15)

Altars:
Xom


Innate Abilities, Weirdness & Mutations

You reflexively headbutt those who attack you in melee.
You have a pair of horns on your head.


Message History

The gnoll hits you from afar with a halberd!
* * * LOW HITPOINT WARNING * * *
You slash the gnoll!
You kill the gnoll!
Trog accepts your kill.
You closely miss the ball python. Your headbutt misses the ball python.
The ball python closely misses you. The ball python grabs you.
The ball python constricts you.
The gnoll hits you from afar with a halberd.
* * * LOW HITPOINT WARNING * * *
You slash the ball python!
You kill the ball python!
Trog accepts your kill.
You feel a strong urge to attack something.
You feel your anger nearly subside.
You are no longer berserk.
You are exhausted.
You feel yourself slow down. The dart slug launches a dart at you.
The slug dart hits you!
You die...

##.## ### ##...## #.###.....##
############
...........#####..........
#..^..รท.......>...........
...###...##.####.#######.# #.##
##.###.# #)....# #.########
#.#####.###g#####....###...<.....
...........gw...@.[....(.........
.####.####.######....###.........
.##..g..##.# ##.#.# #..##.....
.#.....g.#.# #.#.# #.........
.#....%..#.# #.#.# #.###.....
....._.....# #.#.# #.####.#..
.#.......#.# #.#.###.........
.#......$#.# #.#.............
##.....## # #####.####.##.


You could see 2 gnolls and a dart slug.

Vanquished Creatures
  A gnoll (D:2)
  An adder (D:2)
  An ooze (D:1)
  A worm (D:2)
  A dart slug (D:1)
  3 leopard geckos
  3 bats
  4 giant cockroaches
  7 goblins
  4 hobgoblins
  5 jackals (D:1)
  2 ball pythons (D:2)
  3 frilled lizards
  5 kobolds
  3 rats (D:1)
44 creatures vanquished.

Notes
Turn   | Place    | Note
-------+----------+-------------------------------------------
     0 | D:1      | shakethe the Minotaur Berserker began the quest for the Orb.
     0 | D:1      | Reached XP level 1. HP: 19/19 MP: 0/0
    43 | D:1      | Reached skill level 4 in Axes
    43 | D:1      | Reached XP level 2. HP: 19/27 MP: 1/1
   433 | D:1      | Reached ** piety under Trog
   438 | D:1      | Reached XP level 3. HP: 29/33 MP: 2/2
  1139 | D:2      | Reached skill level 5 in Axes
  1163 | D:2      | Reached XP level 4. HP: 41/41 MP: 3/3
  1167 | D:2      | Found a shimmering altar of Xom.
  1190 | D:2      | HP: 3/61 [gnoll/halberd (3)]
  1201 | D:2      | Killed from afar by a dart slug

Skill      XL: |  1  2  3 |
---------------+----------+-----
Axes           | 4 5 |  5.2
Fighting       | 4 |  4.4
Armour         | |  2.6
Dodging        | |  2.4
Stealth        | |  0.1

Action                   |  1- 3 |  4- 6 || total
-------------------------+-------+-------++-------
Melee: Hand axe          |    66 |    10 ||    76
       Headbutt          |    14 |     1 ||    15
Invok: Berserk           |       |     1 ||     1
  Eat: Chunk             |     1 |       ||     1
Armor: Animal skin       |    14 |       ||    14
       Leather armour    |     2 |     1 ||     3
Dodge: Dodged            |    66 |     8 ||    74
